 Dungeon Crawl Stone Soup version 0.26.0-45-g9c1d065592 (webtiles) character file.

Game seed: 10797483075342658529

39 sahdkjhfkaj the Ruffian (level 3, 37/37 HPs)
             Began as a Troll Berserker on Jan 27, 2021.
             Was a Believer of Trog.
             Quit the game on level 1 of the Dungeon on Jan 28, 2021.
             The game lasted 00:02:58 (407 turns).

sahdkjhfkaj the Ruffian (Troll Berserker)            Turns: 407, Time: 00:02:58

Health: 37/37      AC:  6    Str: 25    XL:     3   Next: 28%
Magic:  2/2        EV: 10    Int:  4    God:    Trog [**....]
Gold:   59         SH:  0    Dex:  9    Spells: 2/2 levels left

rFire    . . .     SeeInvis .     - Unarmed
rCold    . . .     Faith    .   (no shield)
rNeg     . . .     Spirit   .   a - +0 animal skin
rPois    .         Reflect  .   (helmet restricted)
rElec    .         Harm     .   (no cloak)
rCorr    .         Rampage  .   (gloves unavailable)
Will     .....                  (boots unavailable)
Stlth    +.........             (no amulet)
HPRegen  0.52/turn              (no ring)
MPRegen  0.08/turn              (no ring)

@: no status effects
A: large, unfitting armour, claws 3, regeneration 1, shaggy fur 1, tough skin 3
a: Renounce Religion, Berserk, Trog's Hand


You were on level 1 of the Dungeon.
You worshipped Trog.
Trog was pleased with you.
You visited 1 branch of the dungeon, and saw 1 of its levels.

You collected 59 gold pieces.

Inventory:

Missiles
 f - a stone (quivered)
Armour
 a - a +0 animal skin (worn)
Jewellery
 b - an uncursed ring of ice {unknown}
 h - a cursed ring of teleportation {unknown}
 i - a +6 ring of dexterity {unknown}
Scrolls
 d - a scroll of fog {unknown}
 e - a scroll of blinking {unknown}
Potions
 c - 2 potions of heal wounds {unknown}
 g - a potion of attraction {unknown}


   Skills:
 - Level 3.0 Fighting
 + Level 2.0 Throwing
 - Level 2.4 Dodging
 - Level 3.0 Unarmed Combat


You had 2 spell levels left.
You didn't know any spells.
Your spell library was empty.

Dungeon Overview and Level Annotations

Branches:
Dungeon (1/15)

Altars:


Innate Abilities, Weirdness & Mutations

You are too large for most types of armour.
You have claws for hands.
Your natural rate of healing is unusually fast.
You are covered in fur. (AC +1)
You have extremely tough skin. (AC +3)


Message History

No target in view!
No target in view!
No target in view!
No target in view!
HP restored.
Things that are here:
a +0 club; a +1 dagger of venom; a goblin corpse
f - a stone You now have 59 gold pieces (gained 10).
An ooze comes into view.
An ooze is nearby!
An ooze is nearby!
An ooze is nearby!
An ooze is nearby!
Unknown command.
Welcome back, sahdkjhfkaj the Troll Berserker.
Trog says: Kill them all!
Press ? for a list of commands and other information.
Autopickup is now off.
Are you sure you want to abandon this character and quit the game? (Confirm with "yes".)

.........#...## #.#
##.########.####J###
#.#
[..............#...
#.#
######+#######.#...
##.# .. .#.#.. #..#
.###########.#.#..
#..#
.#.........#.#.#.#
#..#
.#.###.###.#.#.#.#
#..#
.#.#.....#.#.#.#@#
####..#
...#..<..#...#...#
#..).##
.#.#.....#.#.#.###
#.#.##
.#.#######.#.#.# #
#.# .#.........#.#.#
#.# .###########.#.#
#.# .............#.#
#.# ######'#######.#
#.# ...............#
#.#


You could see an ooze (asleep).

Vanquished Creatures
  2 oozes (D:1)
  A dart slug (D:1)
  A leopard gecko (D:1)
  5 bats (D:1)
  A giant cockroach (D:1)
  3 goblins (D:1)
  3 hobgoblins (D:1)
  4 jackals (D:1)
  A ball python (D:1)
  2 frilled lizards (D:1)
  A kobold (D:1)
  A rat (D:1)
25 creatures vanquished.

Notes
Turn   | Place    | Note
-------+----------+-------------------------------------------
     0 | D:1      | sahdkjhfkaj the Troll Berserker began the quest for the
                  | Orb.
     0 | D:1      | Reached XP level 1. HP: 22/22 MP: 0/0
    50 | D:1      | Reached skill level 1 in Throwing
    82 | D:1      | Reached XP level 2. HP: 28/29 MP: 1/1
   181 | D:1      | Reached XP level 3. HP: 37/37 MP: 2/2
   311 | D:1      | Reached ** piety under Trog
   407 | D:1      | Quit the game

Illustrated notes

Levels and vault maps discovered:
D:1:      matt_arrival_refuge, layout_rooms, serial_glass, glass_columns_a,
          glass_columns_a

Skill      XL: |  1  2  3 |
---------------+----------+-----
Throwing       | 1 2 |  2.0
Fighting       | 3 |  3.0
Dodging        | |  2.4
Unarmed Combat | |  3.0

Action                   || total
-------------------------++-------
Melee: Unarmed           ||    57
       Punch             ||     1
Throw: Stone             ||     2
Invok: Berserk           ||     1
Armor: Animal skin       ||    39
Dodge: Dodged            ||    32
